 Dungeon Crawl Stone Soup version 0.30-a0-424-g7412bad402 (webtiles) character file.

Game seed: 15295385763268240394

202 vineage the Trooper (level 5, -4/59 HPs)
             Began as an Ogre Fighter on Dec 9, 2022.
             Slain by an ogre
             ... wielding a +0 giant club
              (15 damage)
             ... on level 4 of the Dungeon.
             The game lasted 00:02:41 (2696 turns).

vineage the Trooper (Ogre Fighter)                  Turns: 2696, Time: 00:02:41

Health: -4/59      AC:  4    Str: 22    XL:     5   Next: 80%
Magic:  5/5        EV:  8    Int:  9    God:
Gold:   152        SH:  7    Dex:  8    Spells: 4/4 levels left

rFire   . . .      SeeInvis .    a - +0 flail
rCold   . . .      Faith    .    c - +0 kite shield
rNeg    . . .      Spirit   .    b - +0 robe
rPois   .          Reflect  .    (helmet restricted)
rElec   .          Harm     .    i - +0 cloak
rCorr   .          Rampage  .    (gloves unavailable)
Will    .....                    (boots unavailable)
Stlth   +.........               j - amulet of the acrobat
HPRegen 0.29/turn                (no ring)
MPRegen 0.09/turn                (no ring)

@: mighty
A: large, unfitting armour, tough skin 1
a: no special abilities


You were on level 4 of the Dungeon.
You visited 1 branch of the dungeon, and saw 4 of its levels.

You collected 152 gold pieces.

Inventory:

Hand Weapons
 a - a +0 flail (weapon)
Armour
 b - a +0 robe (worn)
 c - a +0 kite shield (worn)
 i - a +0 cloak (worn)
Jewellery
 j - an amulet of the acrobat (around neck)
Scrolls
 f - a scroll of butterflies {unknown}
 k - 2 scrolls of fear {unknown}
 o - a scroll of blinking {unknown}
Potions
 e - a potion of resistance
 g - a potion of curing
 h - a potion of haste {unknown}
 l - a potion of attraction
 m - a potion of berserk rage {unknown}
 n - a potion of mutation {unknown}


   Skills:
 * Level 5.8 Fighting
 * Level 3.3 Maces & Flails
 + Level 3.3 Dodging
 + Level 3.6 Shields


You had 4 spell levels left.
You didn't know any spells.
Your spell library was empty.

Dungeon Overview and Level Annotations

Branches:
Dungeon (4/15)
 Temple: D:4-7

Altars:

Shops:
D:2 ?

Annotations:
D:4 Edmund


Innate Abilities, Weirdness & Mutations

You are too large for most types of armour.
You have tough skin. (AC +1)


Message History

You kill the jackal!
You hit the jackal.
You kill the jackal!
The jackal barely misses you.
You hit the jackal.
The jackal is severely wounded.
The jackal bites you but does no damage.
The jackal bites you.
You barely miss the jackal.
The jackal is severely wounded.
The jackal bites you. x2
You closely miss the jackal.
The jackal is severely wounded.
The jackal bites you but does no damage.
You block the jackal's attack.
You hit the jackal.
You kill the jackal!
You block the adder's attack.
You sock the adder!
The adder is severely wounded.
The adder bites you but does no damage. The adder bites you.
You barely miss the adder.
The adder is severely wounded.
You block the adder's attack. The adder bites you.
You closely miss the adder.
The adder is severely wounded.
The adder bites you.
You bludgeon the adder!!
You kill the adder!
You feel mightier all of a sudden. The ogre barely misses you.
You feel better. You block the ogre's attack.
You hit the ogre.
The ogre is lightly wounded.
The ogre hits you with a +0 giant club!!
* * * LOW HITPOINT WARNING * * *
You thump the ogre!
The ogre is severely wounded.
The ogre hits you with a +0 giant club!
You die...

##.##...............## #...
##..............O..## ##..
##.........#.......######...
###......#.......>..####.#....
#......#..........h.#.#.......
#.....##)....#...S............
#.....##.....##..####.#.......
########.....###o.#.####.#....
#)....@O@h....######...
#.....#####....## ##.. #.....#
#)....## #... #.....#
#......####.. #######
#.......####. ##.......##..
#.........##. #............
#.........###


You could see Edmund, an ogre, an orc and a jackal.

Vanquished Creatures
  A phantom (D:4)
  An orc wizard (D:3)
  5 adders
  2 worms
  2 orcs (D:3)
  5 ball pythons
  5 bats
  5 endoplasms
  4 hobgoblins
  3 jackals (D:4)
  4 quokkas
  4 frilled lizards
  3 goblins
  4 kobolds
  5 rats
53 creatures vanquished.

Notes
Turn   | Place    | Note
-------+----------+-------------------------------------------
     0 | D:1      | vineage the Ogre Fighter began the quest for the Orb.
     0 | D:1      | Reached XP level 1. HP: 24/24 MP: 1/1
   210 | D:1      | Reached XP level 2. HP: 32/32 MP: 2/2
   330 | D:1      | Found a faded altar of an unknown god.
  1099 | D:2      | Reached XP level 3. HP: 38/40 MP: 3/3
  1238 | D:2      | Found Uxteir Toci's Magic Scroll Boutique.
  1689 | D:3      | Reached skill level 5 in Fighting
  1689 | D:3      | Reached XP level 4. HP: 10/50 MP: 4/4
  1694 | D:3      | HP: 2/50 [poisoned by an adder]
  2416 | D:4      | Noticed a phantom
  2425 | D:4      | Killed a phantom
  2426 | D:4      | Reached XP level 5. HP: 56/59 MP: 5/5
  2640 | D:4      | Noticed Edmund
  2647 | D:4      | Noticed an ogre
  2696 | D:4      | Slain by an ogre

Illustrated notes

Levels and vault maps discovered:
D:1:      saegor_arrival_simple_c, layout_basic,
          shapermc_ecumenical_altar_totnotflames
D:2:      layout_loops_ring, serial_shops, nicolae_shop_behind_doors,
          reono_crystal_passage
D:3:      layout_rooms
D:4:      layout_rooms, st_stairs_2, nicolae_figureground_sparkle, uniq_edmund

Skill      XL: |  1  2  3  4 |
---------------+-------------+-----
Maces & Flails | 2 3 |  3.3
Dodging        | 3 |  3.3
Fighting       | 5 |  5.8
Shields        | |  3.6

Action                   |  1- 3 |  4- 6 || total
-------------------------+-------+-------++-------
Melee: Flail             |   118 |    77 ||   195
  Use: Scroll            |     5 |     1 ||     6
       Potion            |       |     4 ||     4
Armor: Robe              |    27 |    32 ||    59
Dodge: Dodged            |    45 |    46 ||    91
Block: Kite shield       |    51 |    40 ||    91

Table legend: (Time is in decaauts)
 A = Elapsed time spent in this place.
 B = Non-inter-level travel time spent in this place.
 C = Inter-level travel time spent in this place.
 D = Time resting spent in this place.
 E = Time spent auto-exploring this place.
 F = Levels seen in this place.
 G = Mean time per level.
                   A        B        C        D        E       F      G
               +--------+--------+--------+--------+--------+-----+--------+
         Total |   2774 |   2705 |     69 |    228 |   1950 |   4 |  693.5 |
       Dungeon |   2774 |   2705 |     69 |    228 |   1950 |   4 |  693.5 |
               +--------+--------+--------+--------+--------+-----+--------+

Top non-repeatable levels by time:
     D:3: 893 daAuts
     D:2: 805 daAuts
     D:1: 727 daAuts
     D:4: 348 daAuts
